 Dungeon Crawl Stone Soup version 0.21-a0-417-g0adc95b (webtiles) character file.

45 slep the Skirmisher (level 3, -6/30 HPs)
             Began as a Barachi Fighter on Nov 4, 2017.
             Was an Initiate of the Shining One.
             Mangled by an ogre
             ... wielding a +0 giant club
              (9 damage)
             ... on level 2 of the Dungeon.
             The game lasted 00:04:54 (780 turns).

slep the Skirmisher (Barachi Fighter)                Turns: 780, Time: 00:04:55

Health: -6/30      AC: 11    Str: 17    XL:     3   Next: 64%
Magic:  12/12      EV:  3    Int:  8    God:    the Shining One [......]
Gold:   96         SH:  9    Dex: 12    Spells: 2/2 levels left

rFire    . . .     SeeInvis .   a - +0 long sword
rCold    . . .     Gourm    .   c - +0 shield
rNeg     . . .     Faith    .   o - +0 plate armour (curse)
rPois    .         Spirit   .   (no helmet)
rElec    .         Reflect  .   (no cloak)
rCorr    .         Harm     .   (no gloves)
MR       .....     Rnd*Tele +   (no boots)
Stlth    ..........             u - amulet of magic regeneration
HPRegen  0.10/turn              i - ring of magical power
MPRegen  0.38/turn              l - ring of teleportation (curse)

@: glowing, slow
A: +LOS, swims, slowness 1, strong legs 1
a: Hop, Renounce Religion


You were on level 2 of the Dungeon.
You worshipped the Shining One.
The Shining One was noncommittal.
You were not hungry.

You visited 1 branch of the dungeon, and saw 2 of its levels.

You collected 96 gold pieces.

Inventory:

Hand Weapons
 a - a +0 long sword (weapon)
Armour
 b - a +0 scale mail
 c - a +0 shield (worn)
 o - a cursed +0 plate armour (worn)
Jewellery
 i - a ring of magical power (left hand)
 l - a cursed ring of teleportation (right hand)
 u - an amulet of magic regeneration (around neck)
Scrolls
 e - 3 scrolls of identify {unknown}
 g - 2 scrolls of noise {unknown}
 h - 2 scrolls of fog {unknown}
 k - 4 scrolls of teleportation {unknown}
 p - a scroll of remove curse {unknown}
 q - 3 scrolls of enchant armour {unknown}
 r - 3 scrolls of recharging {unknown}
 s - a scroll of blinking {unknown}
 w - a scroll of enchant weapon {unknown}
Potions
 d - a potion of might
 m - a potion of cancellation {unknown}
 n - a potion of heal wounds {unknown}
Comestibles
 f - a bread ration
 j - 5 fruits
 t - 2 chunks of flesh
 v - a meat ration


   Skills:
 + Level 4.1 Fighting
 + Level 3.0 Long Blades
 + Level 4.0 Armour
 + Level 0.1 Dodging
 + Level 4.0 Shields


You had 2 spell levels left.
You didn't know any spells.

Dungeon Overview and Level Annotations

Branches:
Dungeon (2/15)

Altars:
The Shining One


Innate Abilities, Weirdness & Mutations

Shadows flee at your approach. (+LOS)
You can swim through water.
You cover ground slowly.
You can hop short distances.


Message History

The hobgoblin hits you but does no damage.
You slash the hobgoblin!
You kill the hobgoblin!
Things that are here:
a club; a hobgoblin corpse You butcher the hobgoblin corpse.
t - 2 chunks of flesh (gained 1)
You see here a club.
Found a stone staircase leading up.
There is a stone staircase leading up here.
An ogre comes into view. It is wielding a giant club.
The ogre shouts!
You hit the ogre but do no damage. The ogre hits you with a giant club!!
Ouch! That really hurt!
* * * LOW HITPOINT WARNING * * *
Your plate armour prevents you from hitting the ogre.
The ogre hits you with a giant club.
* * * LOW HITPOINT WARNING * * *
The ogre hits you with a giant club!
You die...

#. #. #.
#. #.#####
#.....#
#####.#
#O# #@#
#####.#
#.....#
#.#####
#.....#
#####.#
#.# #.#
##########
#.#


You could see an ogre.

Vanquished Creatures
  A gnoll (D:1)
  An ooze (D:1)
  A worm (D:2)
  3 dart slugs
  6 hobgoblins
  4 bats
  2 frilled lizards
  2 kobolds
  6 rats (D:1)
26 creatures vanquished.

Notes
Turn   | Place    | Note
-------+----------+-------------------------------------------
     0 | D:1      | slep the Barachi Fighter began the quest for the Orb.
     0 | D:1      | Reached XP level 1. HP: 18/18 MP: 1/1
    72 | D:1      | Reached XP level 2. HP: 21/25 MP: 1/2
   180 | D:1      | Reached XP level 3. HP: 9/30 MP: 3/3
   583 | D:2      | Found a glowing golden altar of the Shining One.
   607 | D:2      | Became a worshipper of the Shining One
   772 | D:2      | Noticed an ogre
   780 | D:2      | Mangled by an ogre

Vault maps used:
D:1:      minmay_arrival_jagged
D:2:      first_bread, tso_metal_star

Skill      XL: |  1  2  3 |
---------------+----------+-----
Fighting       | 4 |  4.1
Armour         | 4 |  4.0
Shields        | 4 |  4.0
Long Blades    | 3 |  3.0
Dodging        | |  0.1

Action                   || total
-------------------------++-------
Melee: Long sword        ||    86
Armor: Scale mail        ||    17
       Plate armour      ||    29
Dodge: Dodged            ||    30
Block: Shield            ||    48
       Rpst.: Long sword ||    13

Table legend:
 A = Spawn XP
 B = Non-spawn XP
 C = Spawn XP percentage of total XP
 D = Spawn monster count
 E = Non-spawn monster count
 F = Spawn count percentage of total count
 G = Total turns spent on level
                    A         B        C        D         E        F      G
               +---------+---------+-------+---------+---------+-------+---------
         Total |       0 |      65 |   0.0 |       0 |      26 |   0.0 |   780
               +---------+---------+-------+---------+---------+-------+---------
           D:1 |       0 |      48 |   0.0 |       0 |      18 |   0.0 |   508
           D:2 |       0 |      17 |   0.0 |       0 |       8 |   0.0 |   272
               +---------+---------+-------+---------+---------+-------+---------
